 Dungeon Crawl Stone Soup version 0.21.1-1-g345015f (webtiles) character file.

18256 GrunderHorse the Impaler (level 12, -3/74 HPs)
             Began as a Tengu Berserker on Feb 27, 2018.
             Was a High Priest of Trog.
             Slain by a killer bee (5 damage)
             ... on level 12 of the Dungeon.
             The game lasted 00:34:55 (11735 turns).

GrunderHorse the Impaler (Tengu Berserker)         Turns: 11735, Time: 00:34:55

Health: -3/74      AC: 11    Str: 20    XL:     12   Next: 56%
Magic:  13/13      EV: 19    Int:  8    God:    Trog [*****.]
Gold:   1084       SH:  0    Dex: 18    Spells: 11/11 levels left

rFire    . . .     SeeInvis +   W - +8 glaive of Riexujup {flame, rC++ rN+ Str+4}
rCold    + + .     Gourm    .   (shield currently unavailable)
rNeg     + + .     Faith    .   q - +2 robe {rN+}
rPois    .         Spirit   .   s - +2 hat
rElec    .         Reflect  .   k - +2 cloak {+Inv}
rCorr    .         Harm     .   Z - +0 pair of gloves
MR       .....                  (boots unavailable)
Stlth    ++........             (no amulet)
HPRegen  0.22/turn              b - ring of see invisible
MPRegen  0.13/turn              t - -2 ring of strength (curse)

@: berserk cooldown, very slightly contaminated, slowed, invisible, very slow
A: beak, talons 3, able to fly 1
a: Fly, Berserk, Trog's Hand, Brothers in Arms, Burn Spellbooks, Renounce
Religion


You were on level 12 of the Dungeon.
You worshipped Trog.
Trog was extremely pleased with you.
You were near starving.

You visited 2 branches of the dungeon, and saw 13 of its levels.
You also visited: Sewer and Bailey.

You collected 1226 gold pieces.
You spent 142 gold pieces at shops.

Inventory:

Hand Weapons
 Q - a +1 antimagic glaive
 W - the +8 glaive of Riexujup (weapon) {flame, rC++ rN+ Str+4}
   (Trog gifted it to you on level 8 of the Dungeon)

   It has been specially enchanted to burn those struck by it, causing extra
   injury to most foes and up to half again as much damage against particularly
   susceptible opponents.
   Big, fiery blades are also staple armaments of hydra-hunters.
   It affects your strength (+4).
   It greatly protects you from cold.
   It protects you from negative energy.
Missiles
 S - 24 tomahawks of returning (quivered)
Armour
 a - a scarf of cloud immunity
 j - a +0 shield
 k - a +2 cloak of invisibility (worn)
 q - a +2 robe of positive energy (worn)
 s - a +2 hat (worn)
 x - a +0 troll leather armour
 D - a +0 buckler
 Z - a +0 pair of gloves (worn)
Magical Staves
 M - an uncursed staff of cold
Jewellery
 b - a ring of see invisible (left hand)
 t - a cursed -2 ring of strength (right hand)
 A - a +4 ring of slaying
Wands
 i - a wand of paralysis (8)
 y - a wand of clouds (7)
 B - a wand of flame (54)
 H - a wand of acid (14)
 J - a wand of disintegration (8)
 N - a wand of iceblast (15)
 P - a wand of random effects (26)
 V - a wand of digging (17)
Scrolls
 d - 9 scrolls of teleportation
 f - 3 scrolls of identify
 l - 3 scrolls of fog
 u - 3 scrolls of enchant weapon
 v - 6 scrolls of enchant armour
 z - a scroll of blinking
 G - a scroll of magic mapping
 U - a scroll of acquirement
Potions
 e - a potion of haste
 g - 3 potions of curing
 h - 2 potions of mutation {unknown}
 n - 6 potions of lignification
 o - a potion of magic {unknown}
 p - 5 potions of heal wounds {unknown}
 r - a potion of might {unknown}
 w - a potion of cancellation {unknown}
 C - 2 potions of flight {unknown}
 E - 2 potions of brilliance
 O - 3 potions of ambrosia {unknown}
 R - 2 potions of berserk rage {unknown}
 X - a potion of agility
Books
 m - a book of Conjurations

   Spells                             Type                      Level
   a - Magic Dart                     Conjuration                  1
   b - Searing Ray                    Conjuration                  2
   c - Dazzling Spray                 Conjuration/Hexes            3
   d - Fulminant Prism                Conjuration/Hexes            4
   e - Force Lance                    Conjuration/Translocation    4
   f - Iskenderun's Mystic Blast      Conjuration                  4
   Trog disapproves of the use of such an item.
 I - a book of Clouds

   Spells                             Type                      Level
   a - Poisonous Vapours              Poison/Air                   2
   b - Mephitic Cloud                 Conjuration/Poison/Air       3
   c - Conjure Flame                  Conjuration/Fire             3
   d - Freezing Cloud                 Conjuration/Ice/Air          6
   e - Ring of Flames                 Charms/Fire                  7
   Trog disapproves of the use of such an item.
 L - a Necronomicon

   Spells                             Type                      Level
   a - Haunt                          Necromancy/Summoning         7
   b - Borgnjor's Revivification      Necromancy                   8
   c - Death's Door                   Charms/Necromancy            8
   d - Infestation                    Necromancy                   8
   e - Necromutation                  Transmutation/Necromancy     8
   Trog disapproves of the use of such an item.
Comestibles
 c - 21 rations
 F - 2 chunks of flesh


   Skills:
 - Level 8.2 Fighting
 + Level 16.3 Polearms
 - Level 8.6 Armour
 - Level 8.6 Dodging


You had 11 spell levels left.
You didn't know any spells.

Dungeon Overview and Level Annotations

Branches:
Dungeon (12/15)            Temple (1/1) D:4            Lair (0/6) D:8
    Orc (0/2) D:12

Altars:
Nemelex Xobeh
Okawaru
Qazlal
Vehumet
Xom
Beogh

Shops:
D:4 ?   D:8 }   D:11 (}*}!


Innate Abilities, Weirdness & Mutations

You have a beak for a mouth.
You have claws for feet.
You can fly.


Message History

You see here 23 sling bullets.
You fade into invisibility!
The meliai hits your ogre with a hand axe.
The meliai stings your ogre.
Your ogre is poisoned.
The meliai poisons your ogre!
The meliai hits your ogre with a hand axe!
The meliai stings your ogre.
Your ogre barely misses the meliai.
The meliai hits your ogre with a hand axe!
Your ogre dies!
Your ogre's corpse disappears in a puff of smoke!
You are very lightly contaminated with residual magic.
Blink to where?
Press: ? - help, Dir - move target cursor
As you read the scroll of blinking, it crumbles to dust.
The killer bee closely misses you. The jelly closely misses you.
The killer bee misses you. The killer bee misses you.
The killer bee barely misses you. The killer bee stings you.
You die...

#........>
#.......#
#......# ##
#......# [
#......#.#
#..))#.#'''#
#.Jy.y......
######.y#'††#.#.
#......@#y#.#
#.......#§O[#
#.......#####
#...........#
#...........#
#####.#...###
#.#.#.# #...#.#
#.....#


You could see a meliai, a jelly and a killer bee.

Vanquished Creatures
  2 two-headed ogres (D:10)
  An ogre mage (D:10)
  3 unseen horrors
  A cyclops (D:10)
  A deep elf mage (D:10)
  The ghost of dcsswall the Summoner, a novice BaSu of Elyvilon (D:5)
  A kobold demonologist (D:11)
  2 meliai (D:12)
  3 trolls
  Grinder (D:4)
  3 hippogriffs
  Sigmund (D:4)
  A shadow (D:11)
  4 hogs (D:7)
  A wyvern (D:10)
  A human (D:7)
  15 yaks
  3 hungry ghosts
  A steam dragon (D:10)
  Menkaure (D:7)
  3 vampire mosquitoes (D:12)
  Edmund (D:4)
  Duvessa (D:7)
  2 water moccasins (D:9)
  3 porcupines (D:8)
  Purgy (Sewer)
  4 orc warriors
  5 black bears
  3 phantoms
  5 ice beasts
  2 sky beasts
  5 ogres
  A necrophage (D:8)
  2 centaurs
  A crocodile (D:8)
  A big kobold (D:10)
  3 bullfrogs
  A gnoll sergeant (D:9)
  Dowan (D:7)
  2 scorpions
  A water moccasin skeleton (D:8)
  15 killer bees
  5 wights
  7 howler monkeys
  7 crimson imps
  2 centaur zombies
  2 jellies
  A quasit (D:10)
  5 bullfrog zombies
  4 orc priests
  Crazy Yiuf (D:2)
  2 gnoll shamans
  5 hounds
  9 orc wizards
  3 bullfrog skeletons
  4 iguanas
  Natasha (thrice) (D:3)
  11 worker ants
  2 hound zombies
  2 hound skeletons
  A worker ant zombie (D:6)
  Robin (D:4)
  11 adders
  6 gnolls
  A river rat (D:3)
  4 shadow imps
  An adder zombie (D:5)
  A worm (D:3)
  3 dart slugs
  7 leopard geckos
  45 orcs
  2 ball pythons
  6 giant cockroaches
  17 goblins
  14 hobgoblins
  13 jackals
  18 kobolds
  4 quokkas
  6 bats
  8 frilled lizards
  A giant cockroach zombie (D:5)
  A quokka skeleton (D:7)
  6 rats
362 creatures vanquished.

Vanquished Creatures (collateral kills)
  An orc priest (D:5)
  3 orc wizards (D:5)
  11 orcs (D:5)
15 creatures vanquished.

Vanquished Creatures (others)
  19 fungi (D:8)
19 creatures vanquished.

Grand Total: 396 creatures vanquished

Notes
Turn   | Place    | Note
-------+----------+-------------------------------------------
     0 | D:1      | GrunderHorse the Tengu Berserker began the quest for the Orb.
     0 | D:1      | Reached XP level 1. HP: 14/14 MP: 2/2
    73 | D:1      | Reached XP level 2. HP: 14/19 MP: 3/3
   750 | D:2      | Reached XP level 3. HP: 23/23 MP: 4/4
   904 | D:2      | Found an iron altar of Okawaru.
   911 | D:2      | Reached ** piety under Trog
  1311 | D:2      | Found a runed door.
  1315 | D:2      | Noticed Crazy Yiuf
  1321 | D:2      | Killed Crazy Yiuf
  1321 | D:2      | Reached XP level 4. HP: 7/28 MP: 5/5
  1803 | D:3      | Reached skill level 4 in Polearms
  2109 | D:3      | Gained mutation: You can fly. [Tengu growth]
  2109 | D:3      | Reached XP level 5. HP: 32/33 MP: 6/6
  2114 | D:3      | Found a glowing drain.
  2120 | D:3      | Noticed Natasha
  2123 | Sewer    | Entered a sewer
  2147 | Sewer    | Noticed Purgy
  2221 | Sewer    | Killed Purgy
  2293 | Sewer    | Reached XP level 6. HP: 35/38 MP: 7/7
  2352 | D:3      | Killed Natasha
  2531 | D:3      | Reached *** piety under Trog
  2621 | D:3      | Noticed Natasha
  2627 | D:3      | Killed Natasha
  2793 | D:3      | Noticed Natasha
  2798 | D:3      | Killed Natasha
  3308 | D:4      | Noticed Robin
  3316 | D:4      | Killed Robin
  3395 | D:4      | Reached skill level 5 in Polearms
  3543 | D:4      | Reached XP level 7. HP: 44/44 MP: 8/8
  3631 | D:4      | Noticed Grinder
  3632 | D:4      | Paralysed by Grinder for 3 turns
  3646 | D:4      | Noticed Sigmund
  3654 | D:4      | Killed Sigmund
  3657 | D:4      | Killed Grinder
  3657 | D:4      | Reached skill level 5 in Fighting
  3657 | D:4      | Reached skill level 5 in Armour
  3657 | D:4      | Reached skill level 5 in Dodging
  3660 | D:4      | Reached XP level 8. HP: 46/49 MP: 9/9
  3908 | D:4      | Found a staircase to the Ecumenical Temple.
  3943 | D:4      | Reached skill level 6 in Polearms
  4043 | D:4      | Found Ynoim's Magic Scroll Emporium.
  4113 | D:4      | Bought a scroll of enchant armour for 97 gold pieces
  4413 | D:4      | Noticed Edmund
  4418 | D:4      | Killed Edmund
  4610 | D:5      | Entered Level 5 of the Dungeon
  4622 | D:5      | Noticed dcsswall's ghost (novice BaSu)
  4639 | Temple   | Entered the Ecumenical Temple
  4982 | D:5      | Reached **** piety under Trog
  5172 | D:5      | Killed dcsswall's ghost
  5759 | D:5      | Found a runed door.
  5808 | D:5      | Found a sparkling altar of Nemelex Xobeh.
  5848 | D:5      | Reached XP level 9. HP: 55/55 MP: 10/10
  6196 | D:5      | Reached skill level 7 in Polearms
  6223 | D:5      | Found a roughly hewn altar of Beogh.
  6507 | D:6      | Found a shimmering altar of Xom.
  6910 | D:7      | Noticed Menkaure
  6939 | D:7      | Killed Menkaure
  6956 | D:7      | Found a stormy altar of Qazlal.
  7066 | D:7      | Reached skill level 8 in Polearms
  7073 | D:7      | Reached XP level 10. HP: 63/63 MP: 11/11
  7225 | D:7      | Found a flagged portal.
  7233 | D:7      | Got an ancient hand axe
  7243 | Bailey   | Entered a bailey
  7331 | Bailey   | Reached ***** piety under Trog
  7414 | Bailey   | Found a burning altar of Makhleb.
  7828 | D:7      | Found a radiant altar of Vehumet.
  8076 | D:7      | Noticed Dowan
  8077 | D:7      | Noticed Duvessa
  8081 | D:7      | Killed Duvessa
  8084 | D:7      | Killed Dowan
  8252 | D:8      | Reached skill level 9 in Polearms
  8258 | D:8      | Received a gift from Trog
  8265 | D:8      | Got a twisted glaive {god gift}
  8266 | D:8      | Identified the +8 glaive of Riexujup {flame, rC++ rN+ Str+4} (Trog gifted it to you on level 8 of the Dungeon)
  8390 | D:8      | Found a staircase to the Lair.
  8396 | D:8      | Reached skill level 10 in Polearms
  8466 | D:8      | Found Yheloz's Gadget Emporium.
  9100 | D:9      | Reached skill level 11 in Polearms
  9173 | D:9      | Reached XP level 11. HP: 68/68 MP: 12/12
  9523 | D:10     | Entered Level 10 of the Dungeon
  9558 | D:10     | Noticed an unseen horror
  9563 | D:10     | Killed an unseen horror
  9563 | D:10     | Reached skill level 12 in Polearms
  9662 | D:10     | Noticed an ogre mage
  9829 | D:10     | Killed an ogre mage
  9839 | D:10     | Noticed a deep elf mage
  9840 | D:10     | Killed a deep elf mage
  9840 | D:10     | Reached skill level 13 in Polearms
  9891 | D:10     | Noticed a cyclops
  9898 | D:10     | Noticed a two-headed ogre
  9900 | D:10     | Killed a cyclops
  9904 | D:10     | Killed a two-headed ogre
 10117 | D:10     | Reached skill level 14 in Polearms
 10191 | D:10     | Noticed a two-headed ogre
 10193 | D:10     | Killed a two-headed ogre
 10196 | D:10     | Reached XP level 12. HP: 74/74 MP: 13/13
 10223 | D:10     | Received a gift from Trog
 10509 | D:11     | Found Rimiunar's General Store.
 10512 | D:11     | Bought a scroll of remove curse for 45 gold pieces
 10693 | D:11     | Found Syuc's Gadget Shoppe.
 10749 | D:11     | Identified a scroll of acquirement
 10860 | D:11     | Reached skill level 15 in Polearms
 10900 | D:11     | Found Viub's Gadget Emporium.
 11478 | D:11     | Reached skill level 16 in Polearms
 11540 | D:11     | Found Xotar's Distillery.
 11621 | D:11     | Found Haosiyps's Antique Weapon Boutique.
 11691 | D:12     | Found a staircase to the Orcish Mines.
 11727 | D:12     | Noticed a two-headed ogre
 11731 | D:12     | HP: 1/74 [meliai/divine providence (10)]
 11735 | D:12     | Slain by a killer bee

Skill      XL: |  1  2  3  4  5  6  7  8  9 10 11 12 |
---------------+-------------------------------------+-----
Armour         | 3 4 5 6 7 8 |  8.6
Dodging        | 3 4 5 6 7 8 |  8.6
Polearms       | 4 5 6 8 11 14 16 | 16.3
Fighting       | 4 5 6 7 8 |  8.2

Action                   |  1- 3 |  4- 6 |  7- 9 | 10-12 || total
-------------------------+-------+-------+-------+-------++-------
Melee: Spear             |    84 |   199 |   256 |   102 ||   641
       Kick              |    16 |    42 |    57 |    93 ||   208
       Peck              |    10 |    18 |    44 |    48 ||   120
       Glaive            |       |       |       |   276 ||   276
Throw: Tomahawk          |       |       |     5 |    33 ||    38
Invok: Berserk           |     3 |     9 |    12 |    11 ||    35
       Trog's Hand       |       |     1 |     5 |     5 ||    11
       Brothers in Arms  |       |       |     1 |     1 ||     2
 Abil: Fly               |       |     3 |       |     3 ||     6
  Use: Scroll            |       |     4 |     5 |    13 ||    22
       Potion            |       |       |       |     5 ||     5
 Stab: Sleeping          |     1 |     2 |     5 |     4 ||    12
       Distracted        |       |       |     1 |       ||     1
  Eat: Chunk             |     3 |    16 |    21 |    21 ||    61
       Ration            |       |       |     1 |     2 ||     3
Armor: Animal skin       |     5 |    23 |       |       ||    28
       Robe              |       |    14 |    40 |    57 ||   111
       Ring mail         |       |       |       |    23 ||    23
Dodge: Dodged            |    36 |   119 |   109 |   313 ||   577
